 Dungeon Crawl Stone Soup version 0.25-b1-23-ge2ad7d536c (webtiles) character file.

Game seed: 13769470634004122438, levelgen mode: deterministic

15390 Dirian the Grappler (level 12, -2/114 HPs)
             Began as a Troll Fighter on June 3, 2020.
             Was a Priest of Makhleb.
             Slain by a jumping spider (5 damage)
             ... in a Gauntlet.
             The game lasted 00:21:42 (9749 turns).

Dirian the Grappler (Troll Fighter)                 Turns: 9749, Time: 00:21:43

Health: -2/114     AC:  8    Str: 31    XL:     12   Next: 0%
Magic:  14/14      EV: 10    Int:  4    God:    Makhleb [***...]
Gold:   579        SH: 11    Dex:  9    Spells: 11/11 levels left

rFire    . . .     SeeInvis .     - Unarmed
rCold    + . .     Gourm    +   b - +0 kite shield
rNeg     . . .     Faith    .   A - +1 steam dragon scales
rPois    .         Spirit   .   m - +0 hat
rElec    .         Reflect  .   h - +0 cloak
rCorr    .         Harm     .   (gloves unavailable)
MR       .....     NoTele   +   (boots unavailable)
Stlth    +.........             (no amulet)
HPRegen  0.69/turn              n - ring of flight
MPRegen  0.14/turn              u - ring of protection from cold

@: corroded, very slightly contaminated, hasted, very quick
A: large, unfitting armour, claws 3, fast metabolism 3, gourmand, regeneration
1, shaggy fur 1, tough skin 3
a: Minor Destruction, Lesser Servant of Makhleb, Renounce Religion, Evoke Flight


You were in a Gauntlet.
You worshipped Makhleb.
Makhleb was most pleased with you.
You were not hungry.

You visited 2 branches of the dungeon, and saw 11 of its levels.
You also visited: Sewer, Ossuary and Gauntlet.

You collected 579 gold pieces.

Inventory:

Armour
 a - a +0 robe
 b - a +0 kite shield (worn)
 h - a +0 cloak (worn)
 m - a +0 hat (worn)
 A - +1 steam dragon scales (worn)
 B - a +2 tower shield
Jewellery
 n - a ring of flight (left claw)
 u - a ring of protection from cold (right claw)
Wands
 r - a wand of clouds (3)
 s - a wand of flame (27)
 v - a wand of enslavement (15)
 y - a wand of paralysis (6)
 z - a wand of acid (11)
 M - a wand of disintegration (14)
Scrolls
 f - 7 scrolls of teleportation
 g - 9 scrolls of remove curse
 i - a scroll of enchant armour
 o - a scroll of immolation
 q - 3 scrolls of amnesia
 w - 4 scrolls of enchant weapon
 L - 2 scrolls of identify
Potions
 e - a potion of resistance
 j - a potion of haste
 k - a potion of invisibility
 l - a potion of cancellation {unknown}
 p - 6 potions of curing
 t - 3 potions of magic
 x - 2 potions of lignification
 C - 5 potions of heal wounds {unknown}
 D - 3 potions of flight {unknown}
 F - 3 potions of stabbing {unknown}
 G - a potion of brilliance {unknown}
 H - a potion of ambrosia {unknown}
 I - a potion of mutation {unknown}
 N - a potion of berserk rage {unknown}
Miscellaneous
 J - a tin of tremorstones (3/3)
 K - a tin of tremorstones (3/3)
Comestibles
 d - 20 rations


   Skills:
 * Level 6.1 Fighting
 * Level 6.0 Armour
 - Level 2.4 Dodging
 + Level 7.8 Shields
 - Level 12.1 Unarmed Combat
 * Level 5.0 Invocations
 * Level 4.1 Evocations


You had 11 spell levels left.
You didn't know any spells.
Your spell library contained the following spells:

 Spells                   Type           Power        Failure   Level  Hunger
 Animate Skeleton         Necr           N/A          58%         1    ##.....
 Apportation              Tloc           #.....       58%         1    ##.....
 Corona                   Hex            #......      58%         1    ##.....
 Summon Small Mammal      Summ           #...         58%         1    ##.....


Dungeon Overview and Level Annotations

Branches:
Dungeon (10/15)            Temple (0/1) D:7            Lair (1/6) D:9
    Orc (0/2) D:9           Sewer (visited)         Ossuary (visited)
Gauntlet (1/1)

Altars:
Ashenzari
Dithmenos
Elyvilon
Fedhas
Kikubaaqudgha
Makhleb
Sif Muna
Trog
The Shining One

Shops:
D:5 [

Annotations:
Gauntlet 11 transporters, exclusion: ice statue


Innate Abilities, Weirdness & Mutations

You are too large for most types of armour.
You have claws for hands.
Your metabolism is lightning-fast.
You like to eat raw meat.
Your natural rate of healing is unusually fast.
You are covered in fur. (AC +1)
You have extremely tough skin. (AC +3)


Message History

* * * LOW HITPOINT WARNING * * *
You are caught in a web!
The jumping spider bites you but does no damage.
Your hellwing hits the entropy weaver. x2
Two slime creatures merge to form a large slime creature.
The jumping spider barely misses you. You block the jumping spider's attack.
The entropy weaver misses your hellwing.
The entropy weaver hits your hellwing! x2
The entropy weaver barely misses your hellwing.
Your hellwing hits the entropy weaver. x2
You claw the jumping spider!
The jumping spider is almost dead.
The jumping spider pounces on you!
* * * LOW HITPOINT WARNING * * *
You are caught in a web!
The jumping spider bites you.
* * * LOW HITPOINT WARNING * * *
The entropy weaver hits your hellwing!
Your hellwing dies!
The jumping spider pounces on you.
You die...

#############################
...........................≈###
..........................§.#8#
.###########...###########..###
.#..#.####.#.8.#:.#......#..#
.#....#©.#J#...#...#.....#..###
.#.##.#.#.######...#....##..#8#
.#?.###...J#...#....#.##.#..###
.#©.####.###©.©#@s.###...#©.#
.#[###..#.##...#(##a#©...#..###
.##(..#.##.######....#...#..#8#
.#.#..#..#.#...#.....#...#..###
.####...#.##...#[.....#..#..#
§###########...###########..###
.............≈.............≈#8#
............§8§........∩...∩###
.............≈.............≈#


You could see an entropy weaver, a large slime creature, a death ooze and a
jumping spider.

Vanquished Creatures
  2 two-headed ogres
  3 death yaks (D:9)
  A skeletal warrior (D:10)
  An unseen horror (D:10)
  Joseph (Lair:1)
  A black mamba (Lair:1)
  4 spiny frogs (Lair:1)
  3 komodo dragons (Lair:1)
  Maggie (D:7)
  A troll (D:9)
  Grinder (D:3)
  Prince Ribbit (D:8)
  A hippogriff (Lair:1)
  A redback (Gauntlet)
  16 yaks
  4 hogs (D:8)
  A human (D:8)
  Eustachio (D:4)
  2 steam dragons (D:6)
  Menkaure (D:4)
  2 water moccasins
  A porcupine (Lair:1)
  An orc warrior (D:6)
  2 black bears
  A necrophage (D:7)
  A sky beast (D:9)
  2 ogres
  5 centaurs
  3 crocodiles (Lair:1)
  2 big kobolds (Sewer)
  3 bullfrogs
  A wyvern zombie (D:9)
  A howler monkey (D:9)
  6 wights
  An electric eel (D:8)
  6 crimson imps
  A bullfrog zombie (D:8)
  3 centaur zombies (Ossuary)
  2 jellies
  A bullfrog skeleton (D:5)
  A centaur skeleton (D:9)
  3 hounds
  3 orc priests
  5 iguanas
  2 orc wizards
  Jessica (D:9)
  Ijyb (D:3)
  8 worker ants
  3 hell rats (D:9)
  A killer bee zombie (D:6)
  2 big kobold zombies (Ossuary)
  5 mummies (Ossuary)
  A howler monkey zombie (D:5)
  A worker ant zombie (D:6)
  8 gnolls
  A howler monkey skeleton (D:9)
  2 river rats (D:9)
  13 adders
  3 shadow imps
  An ooze (D:2)
  2 adder skeletons
  5 dart slugs
  5 worms (D:3)
  2 leopard geckos
  24 orcs
  9 bats
  A bat zombie (D:2)
  6 giant cockroaches
  10 goblins
  8 hobgoblins
  15 jackals
  5 quokkas
  6 ball pythons
  3 frilled lizards
  3 hobgoblin zombies (Ossuary)
  20 kobolds
  A quokka skeleton (D:4)
  15 rats
  A rat zombie (D:2)
298 creatures vanquished.

Vanquished Creatures (others)
  2 fungi
  3 plants
5 creatures vanquished.

Grand Total: 303 creatures vanquished

Notes
Turn   | Place    | Note
-------+----------+-------------------------------------------
     0 | D:1      | Dirian the Troll Fighter began the quest for the Orb.
     0 | D:1      | Reached XP level 1. HP: 22/22 MP: 0/0
   103 | D:1      | Reached XP level 2. HP: 29/29 MP: 1/1
   384 | D:1      | Reached XP level 3. HP: 34/36 MP: 2/2
   631 | D:2      | Reached skill level 1 in Armour
   673 | D:2      | Reached skill level 3 in Unarmed Combat
   980 | D:2      | Reached XP level 4. HP: 44/44 MP: 3/3
   994 | D:2      | Found a blossoming altar of Fedhas.
  1151 | D:2      | Found an ancient bone altar of Kikubaaqudgha.
  1290 | D:3      | Reached skill level 4 in Unarmed Combat
  1304 | D:3      | Reached XP level 5. HP: 33/50 MP: 4/4
  1411 | D:3      | Noticed an ogre
  1422 | D:3      | Killed an ogre
  1423 | D:3      | Found a shadowy altar of Dithmenos.
  1604 | D:3      | Noticed Ijyb
  1606 | D:3      | Paralysed by Ijyb for 2 turns
  1610 | D:3      | Paralysed by Ijyb for 2 turns
  1617 | D:3      | Paralysed by Ijyb for 5 turns
  1627 | D:3      | Paralysed by Ijyb for 4 turns
  1634 | D:3      | Killed Ijyb
  1634 | D:3      | Reached skill level 5 in Unarmed Combat
  1634 | D:3      | Reached XP level 6. HP: 58/59 MP: 5/5
  1849 | D:3      | Noticed Grinder
  1853 | D:3      | Paralysed by Grinder for 6 turns
  1865 | D:3      | Killed Grinder
  1865 | D:3      | Reached skill level 6 in Unarmed Combat
  2101 | D:4      | Noticed Eustachio
  2107 | D:4      | Killed Eustachio
  2107 | D:4      | Reached XP level 7. HP: 59/66 MP: 6/6
  2148 | D:4      | Noticed Menkaure
  2154 | D:4      | Killed Menkaure
  2154 | D:4      | Reached skill level 7 in Unarmed Combat
  2908 | D:5      | Entered Level 5 of the Dungeon
  2981 | D:5      | Found Cef Aru's Antique Armour Shop.
  3018 | D:5      | Found a white marble altar of Elyvilon.
  3180 | D:5      | Found a burning altar of Makhleb.
  3291 | D:5      | Reached XP level 8. HP: 72/75 MP: 7/7
  3319 | D:5      | Reached skill level 8 in Unarmed Combat
  3944 | D:5      | Reached skill level 9 in Unarmed Combat
  4039 | D:6      | Found a bloodstained altar of Trog.
  4206 | D:6      | Reached skill level 10 in Unarmed Combat
  4206 | D:6      | Reached XP level 9. HP: 20/81 MP: 8/8
  4429 | D:6      | Found a glowing drain.
  4441 | Sewer    | Entered a sewer
  5241 | D:5      | Became a worshipper of Makhleb the Destroyer
  5430 | D:7      | Noticed Maggie
  5440 | D:7      | Killed Maggie
  5550 | D:7      | Found a staircase to the Ecumenical Temple.
  5608 | D:7      | Reached skill level 5 in Shields
  5671 | D:7      | Noticed a two-headed ogre
  5682 | D:7      | Killed a two-headed ogre
  5682 | D:7      | Reached skill level 11 in Unarmed Combat
  5682 | D:7      | Reached skill level 1 in Invocations
  5686 | D:7      | Reached skill level 1 in Evocations
  6259 | D:8      | Found a sand-covered staircase.
  6266 | Ossuary  | Entered an ossuary
  6277 | Ossuary  | Reached * piety under Makhleb
  6369 | D:8      | Noticed Prince Ribbit
  6380 | D:8      | Killed Prince Ribbit
  6380 | D:8      | Reached XP level 10. HP: 85/92 MP: 10/10
  6706 | D:8      | Noticed a two-headed ogre
  6879 | D:8      | Killed a two-headed ogre
  7420 | D:9      | Found a staircase to the Orcish Mines.
  7522 | D:9      | Reached ** piety under Makhleb
  7522 | D:9      | Reached skill level 12 in Unarmed Combat
  7669 | D:9      | Noticed a death yak
  7670 | D:9      | Noticed a death yak
  7693 | D:9      | Killed a death yak
  7696 | D:9      | Noticed a death yak
  7727 | D:9      | Killed a death yak
  7727 | D:9      | Reached XP level 11. HP: 80/101 MP: 12/12
  7736 | D:9      | Killed a death yak
  7736 | D:9      | Reached skill level 5 in Fighting
  7736 | D:9      | Reached skill level 5 in Armour
  8103 | D:9      | Found a staircase to the Lair.
  8230 | D:9      | Found a glowing golden altar of the Shining One.
  8231 | D:9      | Found a shattered altar of Ashenzari.
  8447 | D:9      | Noticed Jessica
  8454 | D:9      | Found a shimmering blue altar of Sif Muna.
  8465 | D:9      | Killed Jessica
  8591 | D:10     | Entered Level 10 of the Dungeon
  8673 | D:10     | Noticed a skeletal warrior
  8674 | D:10     | Found the +7 Spriggan's Knife {stab, EV+4 Stlth+}
  8723 | D:10     | Killed a skeletal warrior
  8725 | D:10     | Killed an unseen horror
  8831 | Lair:1   | Entered Level 1 of the Lair of Beasts
  8837 | Lair:1   | Reached *** piety under Makhleb
  9316 | Lair:1   | Found a gate leading to a gauntlet.
  9317 | Lair:1   | Noticed Joseph
  9319 | Lair:1   | Reached skill level 5 in Invocations
  9328 | Lair:1   | Killed Joseph
  9341 | Gauntlet | Entered a Gauntlet
  9341 | Gauntlet | Found a transporter.
  9341 | Gauntlet | Found a transporter.
  9501 | Gauntlet | Noticed an entropy weaver
  9504 | Gauntlet | Found a transporter.
  9506 | Gauntlet | Found a transporter.
  9516 | Gauntlet | Found a transporter.
  9516 | Gauntlet | Noticed a death ooze
  9537 | Gauntlet | Found a transporter.
  9552 | Gauntlet | Found a transporter.
  9556 | Gauntlet | Found a transporter.
  9557 | Gauntlet | Found a transporter.
  9563 | Gauntlet | Found a transporter.
  9599 | Gauntlet | Found a transporter.
  9624 | Gauntlet | Found a transporter.
  9730 | Gauntlet | Reached XP level 12. HP: 69/114 MP: 14/14
  9748 | Gauntlet | HP: 5/114 [jumping spider (10)]
  9749 | Gauntlet | Slain by a jumping spider

Illustrated notes

Levels and vault maps discovered:
D:1:      mrwooster_arrival_statue_2, layout_rooms
D:2:      layout_rooms, lemuel_zombie_altar_kikubaaqudgha, first_ration,
          grunt_ministairs_10, fedhas_altar_3
D:3:      layout_basic, nicolae_overflow_crystal_walls, uniq_ijyb, uniq_grinder
D:4:      layout_cave_pods, uniq_eustachio, uniq_menkaure
D:5:      layout_basic, lemuel_round_altar, serial_shops,
          nicolae_shop_waterfront, makhleb_heckhound_becter
D:6:      cheibrodos_steamvent, layout_basic, lightli_temple_of_fire,
          portal_sewer_entry_d, chequers_mini_garden, minmay_misc_feat_cross,
          solitary_fountain
D:7:      layout_basic, minmay_temple_entry_large_hall, uniq_maggie
D:8:      layout_basic, chequers_ossuary_entry_cave, enter_bailey_7,
          grunt_livestock, nrook_pool_corridor, uniq_prince_ribbit1
D:9:      layout_cave_pods, gammafunk_temple_overflow_statue,
          dpeg_lair_monsters, tgw_sif
D:10:     minmay_the_grid_triangle_9x9_recursive_2_mashed
          [minmay_the_grid_triangle_9x9_prize_center,
          minmay_the_grid_triangle_9x9_limited_checkers,
          minmay_the_grid_triangle_9x9_pentomino_pain,
          minmay_the_grid_triangle_9x9_descending_squares], layout_loops_ring
Lair:1:   layout_roguey, gauntlet_entry_generic, minmay_stone_trees_medium,
          hangedman_lair_generics_rect, uniq_joseph
Gauntlet: gammafunk_gauntlet_shortcut [nicolae_gauntlet_swirl,
          gammafunk_gauntlet_arena_mazey, gammafunk_gauntlet_arena_spirals,
          gammafunk_gauntlet_arena_chambers, nicolae_gauntlet_arena_grate_2,
          nicolae_gauntlet_arena_x, gauntlet_exit_hidden_loot]

Skill      XL: |  1  2  3  4  5  6  7  8  9 10 11 |
---------------+----------------------------------+-----
Armour         | 1 2 3 4 6 |  6.0
Unarmed Combat | 3 4 5 6 7 10 11 12 | 12.1
Shields        | 3 4 5 6 7 |  7.8
Fighting       | 3 4 6 |  6.1
Invocations    | 1 3 5 |  5.0
Evocations     | 1 2 4 |  4.1
Dodging        | |  2.4

Action                   |  1- 3 |  4- 6 |  7- 9 | 10-12 || total
-------------------------+-------+-------+-------+-------++-------
Melee: Unarmed           |   109 |   138 |   316 |   400 ||   963
Invok: Lesser Servant of |       |       |       |     2 ||     2
  Use: Potion            |       |       |     1 |     3 ||     4
       Scroll            |       |       |    16 |     3 ||    19
 Stab: Sleeping          |       |       |     1 |       ||     1
  Eat: Chunk             |    15 |    10 |    37 |    22 ||    84
       Ration            |       |       |       |     1 ||     1
Armor: Robe              |    46 |    55 |    56 |       ||   157
       Steam dragon scal |       |       |    13 |   134 ||   147
Dodge: Dodged            |    38 |    34 |    84 |   122 ||   278
Block: Kite shield       |    47 |    71 |   135 |   182 ||   435
